 Dungeon Crawl Stone Soup version 0.29.1-15-g9cfb28693d (webtiles) character file.

Game seed: 12873307851825448746

49 LustLizard the Ruffian (level 3, -8/28 HPs)
             Began as a Demigod Transmuter on Mar 29, 2023.
             Mangled by a gnoll
             ... wielding a +0 halberd
             ... led by a gnoll bouda
              (11 damage)
             ... on level 2 of the Dungeon.
             The game lasted 00:02:58 (2126 turns).

LustLizard the Ruffian (Demigod Transmuter)         Turns: 2126, Time: 00:02:59

Health: -8/28      AC:  2    Str: 15    XL:     3   Next: 33%
Magic:  7/8        EV: 12    Int: 15    God:
Gold:   99         SH:  0    Dex: 14    Spells: 3/6 levels left

rFire   . . .      SeeInvis .     - Unarmed
rCold   . . .      Faith    .   (no shield)
rNeg    . . .      Spirit   .   a - +0 robe
rPois   .          Reflect  .   (helmet currently unavailable)
rElec   .          Harm     .   (no cloak)
rCorr   .          Rampage  .   (no gloves)
Will    .....                   (boots currently unavailable)
Stlth   +.........              (no amulet)
HPRegen 0.09/turn               (no ring)
MPRegen 0.11/turn               (no ring)

@: appendages
A: horns 2, talons 2, high MP 1, forlorn, divine attributes
a: End Transformation


You were on level 2 of the Dungeon.
You had temporarily grown beastly horns and talons.
You visited 1 branch of the dungeon, and saw 2 of its levels.

You collected 99 gold pieces.

Inventory:

Missiles
 o - 3 poisoned darts
Armour
 a - a +0 robe (worn)
Scrolls
 e - a scroll of butterflies {unknown}
 f - 2 scrolls of identify {unknown}
 g - a scroll of amnesia {unknown}
 l - a scroll of poison {unknown}
 m - a scroll of teleportation {unknown}
 n - a scroll of enchant armour {unknown}
Potions
 b - a potion of lignification
 c - a potion of mutation {unknown}
 d - 3 potions of curing {unknown}
 h - a potion of degeneration {unknown}
 i - a potion of cancellation {unknown}
 j - a potion of resistance {unknown}
 k - a potion of might {unknown}


   Skills:
 + Level 1.4 Fighting
 - Level 1.7 Dodging
 * Level 3.3 Unarmed Combat
 + Level 2.1 Spellcasting
 * Level 2.4 Transmutations


You had 3 spell levels left.
You knew the following spells:

 Your Spells              Type           Power      Damage    Failure   Level
a - Beastly Appendage     Tmut           16%        N/A       9%          1
b - Wereblood             Tmut           8%         N/A       12%         2

Your spell library contained the following spells:

 Spells                   Type           Power      Damage    Failure   Level
 Spider Form              Tmut/Pois      5%         N/A       36%         3
 Call Canine Familiar     Summ           1%         N/A       54%         3
 Portal Projectile        Hex/Tloc       2%         N/A       54%         3
 Ice Form                 Ice/Tmut       5%         N/A       78%         4
 Leda's Liquefaction      Hex/Erth       0%         N/A       91%         4


Dungeon Overview and Level Annotations

Branches:
Dungeon (2/15)


Innate Abilities, Weirdness & Mutations

You have temporarily grown beastly horns and talons.
You have an increased reservoir of magic. (+10% MP)
You shall have no god before yourself.
Your divine heritage dramatically boosts your attributes as you level up.


Message History

The gnoll hits you from afar with a +0 halberd.
You climb upwards.
There is a stone staircase leading down here.
There is an open door here.
There is a large open door here.
There is a large open door here.
There is a stone staircase leading down here.
HP restored.
Done exploring.
You climb downwards.
There is a stone staircase leading up here.
A gnoll bouda comes into view. It is wielding a +0 club.
The gnoll shouts! x2
There is a stone staircase leading up here.
You climb upwards.
There is a stone staircase leading down here.
There is a large open door here.
There is a large open door here.
There is an open door here.
There is a stone staircase leading down here.
You climb downwards.
There is a stone staircase leading up here.
A gnoll comes into view. It is wielding a +0 halberd.
The gnoll shouts!
You grow a pair of large bovine horns.
Your feet morph into talons.
The gnoll hits you with a +0 halberd!
Ouch! That really hurt!
You are too injured to fight recklessly!
You closely miss the gnoll. The gnoll hits you with a +0 halberd!
* * * LOW HITPOINT WARNING * * *
You closely miss the gnoll. You headbutt the gnoll.
The gnoll is moderately wounded.
The gnoll barely misses you.
You barely miss the gnoll. You claw the gnoll. Your headbutt misses the gnoll.
The gnoll is almost dead.
The gnoll barely misses you.
You completely miss the gnoll. Your kick misses the gnoll.
The gnoll is almost dead.
The gnoll hits you with a +0 halberd!
You die...

#.#.#
###########.#.#
#...........#.#
#.#########.#.#
######.# #.#.#
#......# #.#.#
#.###### #.#.#
#.##############.#.#
#..@g............#.#
###############..#.#
#..#.#
#############..#.#
#..........##..#.#
#.########.##..#.#
#.# #.#.....# #.#
#.#...g.# #.#
#.#......


You could see a gnoll.

Vanquished Creatures
  2 adders (D:2)
  3 bats (D:1)
  4 endoplasms
  2 goblins
  4 hobgoblins
  3 jackals (D:1)
  A quokka (D:2)
  3 ball pythons
  2 frilled lizards (D:1)
  4 kobolds (D:1)
  2 rats (D:1)
30 creatures vanquished.

Notes
Turn   | Place    | Note
-------+----------+-------------------------------------------
     0 | D:1      | LustLizard the Demigod Transmuter began the quest for the
                  | Orb.
     0 | D:1      | Reached XP level 1. HP: 15/15 MP: 5/5
   238 | D:1      | Reached skill level 1 in Fighting
   543 | D:1      | Reached XP level 2. HP: 23/23 MP: 5/7
   546 | D:1      | Reached skill level 3 in Unarmed Combat
   555 | D:1      | Learned a level 2 spell: Wereblood
  1562 | D:2      | Reached XP level 3. HP: 18/28 MP: 6/8
  2126 | D:2      | Mangled by a gnoll

Illustrated notes

Levels and vault maps discovered:
D:1:      dpeg_arrival_simpleton_b, layout_loops_cross, minivault_26
D:2:      layout_loops_ring, dreamdust_ecumenical_altar_statues, basic_altar

Skill      XL: |  1  2 |
---------------+-------+-----
Fighting       | 1 |  1.4
Transmutations | 2 |  2.4
Unarmed Combat | 3 |  3.3
Spellcasting   | 2 |  2.1
Dodging        | |  1.7

Action                   || total
-------------------------++-------
Melee: Unarmed           ||    70
       Kick              ||    11
       Headbutt          ||     9
       Punch             ||     2
 Cast: Beastly Appendage ||    18
       Wereblood         ||     1
Armor: Robe              ||    11
Dodge: Dodged            ||    28
